Workbook

Sheet 投标报价
A1: 2022年白云区供销总公司物业消防设备系统故障修复与整改
A2: 投 标 总 价
A3: 项 目 名 称： | B3: =A1 -> 2022年白云区供销总公司物业消防设备系统故障修复与整改
A4: 投 标 总 价： | B4: （小写）： | C4: ='投标报价汇总表（维修）'!F21 -> 0
B5: （大写）： | C5: =C4 -> 0
A6: 投 标 人：
B7: (单位盖章)
A8: 法定代表人 或其授权人：
B9: (签字或盖章)
A10: 编 制 人：
B11: （造价人员签字盖专用章）
A12: 编 制 时 间：

Sheet 招标工程量清单
B1: 2022年物业消防设施设备维修项目
A2: 招 标 工 程 量 清 单
C3: 招 标 人：
D4: (单位盖章)
C5: 造价咨询人：
D6: (单位盖章)
D7: 年 月 日

Sheet 投标报价汇总表（维修）
A1: 工程量清单报价汇总表
A2: 项目名称：2022年物业消防设施设备维修项目
A3: 序号 | B3: 项目名称 | C3: 计量单位 | D3: 工程数量 | E3: 单价(元) | F3: 合价(元) | G3: 备注
A4: 1 | B4: ='清单与计价表（维修）'!B4 -> 红卫场 | C4: 项 | D4: 1 | E4: ='清单与计价表（维修）'!I9 -> 0 | F4: =E4*D4 -> 0
A5: 2 | B5: ='清单与计价表（维修）'!B10 -> 竹料商业街 | C5: 项 | D5: 1 | E5: ='清单与计价表（维修）'!I11 -> 0 | F5: =E5*D5 -> 0
A6: 3 | B6: ='清单与计价表（维修）'!B12 -> 青龙坊 | C6: 项 | D6: 1 | E6: ='清单与计价表（维修）'!I16 -> 0 | F6: =E6*D6 -> 0
A7: 4 | B7: ='清单与计价表（维修）'!B17 -> 钟落潭购物中心 | C7: 项 | D7: 1 | E7: ='清单与计价表（维修）'!I22 -> 0 | F7: =E7*D7 -> 0
A8: 5 | B8: ='清单与计价表（维修）'!B23 -> 嘉禾丰兴广场 | C8: 项 | D8: 1 | E8: ='清单与计价表（维修）'!I26 -> 0 | F8: =E8*D8 -> 0
A9: 6 | B9: ='清单与计价表（维修）'!B27 -> 竹料商场 | C9: 项 | D9: 1 | E9: ='清单与计价表（维修）'!I29 -> 0 | F9: =E9*D9 -> 0
A10: 7 | B10: ='清单与计价表（维修）'!B30 -> 人和旧办公室 | C10: 项 | D10: 1 | E10: ='清单与计价表（维修）'!I33 -> 0 | F10: =E10*D10 -> 0
A11: 8 | B11: ='清单与计价表（维修）'!B34 -> 爱国东路 | C11: 项 | D11: 1 | E11: ='清单与计价表（维修）'!I35 -> 0 | F11: =E11*D11 -> 0
A12: 9 | B12: ='清单与计价表（维修）'!B36 -> 太和生产资料店 | C12: 项 | D12: 1 | E12: ='清单与计价表（维修）'!I42 -> 0 | F12: =E12*D12 -> 0
A13: 10 | B13: ='清单与计价表（维修）'!B43 -> 竹料茶楼 | C13: 项 | D13: 1 | E13: ='清单与计价表（维修）'!I44 -> 0 | F13: =E13*D13 -> 0
A14: 11 | B14: ='清单与计价表（维修）'!B45 -> 石井沙贝（茶楼药批中心店） | C14: 项 | D14: 1 | E14: ='清单与计价表（维修）'!I51 -> 0 | F14: =E14*D14 -> 0
A15: 12 | B15: ='清单与计价表（维修）'!B52 -> 凯盈汇 | C15: 项 | D15: 1 | E15: ='清单与计价表（维修）'!I54 -> 0 | F15: =E15*D15 -> 0
A16: 13 | B16: ='清单与计价表（维修）'!B55 -> 江高综合楼 | C16: 项 | D16: 1 | E16: ='清单与计价表（维修）'!I62 -> 0 | F16: =E16*D16 -> 0
A17: 14 | B17: ='清单与计价表（维修）'!B63 -> 新和平台 | C17: 项 | D17: 1 | E17: ='清单与计价表（维修）'!I66 -> 0 | F17: =E17*D17 -> 0
A18: 15 | B18: ='清单与计价表（维修）'!B67 -> 更换后的旧设备以料抵工 | C18: 项 | D18: 1 | E18: ='清单与计价表（维修）'!I68 -> 0 | F18: =E18*D18 -> 0
A19: A | B19: 小计 | F19: =SUM(F4:F18) -> 0
A20: B | B20: 税金（A）×13% | F20: =F19*13% -> 0
A21: C | B21: 含税合计（A+B） | F21: =F19+F20 -> 0

Sheet 清单与计价表（维修）
A1: 消防设备设施维修项目清单与计价表
A2: ='投标报价汇总表（维修）'!A2 -> 项目名称：2022年物业消防设施设备维修项目
A3: 序号 | B3: 项目名称 | C3: 故障设备位置 | D3: 施工内容 | E3: 维修或更换部件参数 | F3: 单位 | G3: 数量 | H3: 综合单价（元） | I3: 综合合价（元） | J3: 备注
A4: 1 | B4: 红卫场 | C4: 水泵房门口 | D4: 更换道管、刷涂油漆 | E4: DN100*3 | F4: m | G4: 4 | I4: =H4*G4 -> 0 | J4: 管道锈蚀、漏水
C5: 消防水池内 | D5: 更换止回阀 | E5: DN100 | F5: 个 | G5: 2 | I5: =H5*G5 -> 0 | J5: 水池底阀漏水
C6: 水泵房门口 | D6: 焊接铸钢法兰 | E6: DN100 | F6: 个 | G6: 4 | I6: =H6*G6 -> 0
C7: 水池内 | D7: 抽干水池，池内作业 | F7: 项 | G7: 1 | I7: =H7*G7 -> 0 | J7: 池内作业
C8: 水泵房门口 | D8: 开挖、回填、混凝土地面修补 | F8: m | G8: 4 | I8: =H8*G8 -> 0 | J8: 更换泵房管道要开挖、回填地面
C9: 小计 | I9: =SUM(I4:I8) -> 0
A10: 2 | B10: 竹料商业街 | C10: 水泵房 | D10: 更换水泵及电动机 | E10: 参考原设备参数： 1.名称:XBD立式单级消防泵 2.型号:GD80-40 3.电动机功率:7.5kw 4.流量:42m3/h 5.扬程:40m | F10: 台 | G10: 1 | I10: =G10*H10 -> 0 | J10: 水泵电动机故障
C11: 小计 | I11: =SUM(I10:I10) -> 0
A12: 3 | B12: 青龙坊 | C12: 水泵房 | D12: 更换电压力控制开关 | E12: DN25 | F12: 个 | G12: 2 | I12: =H12*G12 -> 0 | J12: 控制压力开关损坏
C13: 楼层 | D13: 更换烟感 | E13: 参考原设备品牌：依爱 | F13: 个 | G13: 1 | I13: =H13*G13 -> 0 | J13: 烟感损坏
C14: 楼层 | D14: 更换声光报警器 | E14: 国产编码 | F14: 个 | G14: 2 | I14: =H14*G14 -> 0 | J14: 声光报警器损坏
C15: 一层至水泵房 | D15: 排查故障、更换线路 | E15: 线路长度综合考虑 | F15: 项 | G15: 1 | I15: =H15*G15 -> 0 | J15: 报警主机联动线路故障
C16: 小计 | I16: =SUM(I12:I15) -> 0
B17: 钟落潭购物中心 | C17: 一、二楼 | D17: 广播线路排查及修复 | F17: 项 | G17: 1 | J17: 线路故障
A18: 4 | C18: 消防中心 | D18: 更换远程启动模块 | E18: 国标 | F18: 项 | G18: 1 | I18: =H18*G18 -> 0 | J18: 无法远程启动，需安装风机线路、联动模块安装和调试
C19: 购物中心一层 | D19: 更换消火栓按钮 | E19: 国标 | F19: 个 | G19: 3 | I19: =H19*G19 -> 0 | J19: 购物中心一层缺少消火栓按钮、线路安装和调试
C20: 水泵房 | D20: 更换远程启动模块，安装联动线路、调试 | E20: 线路长度综合考虑 | F20: 项 | G20: 1 | I20: =H20*G20 -> 0 | J20: 水泵房无法远程启动
C21: 购物中心一层 | D21: 一楼烟感线路排查及修复 | F21: 项 | G21: 1 | I21: =H21*G21 -> 0 | J21: 一楼烟感系统线路故障
C22: 小计 | I22: =SUM(I17:I21) -> 0
A23: 5 | B23: 嘉禾丰兴广场 | C23: 水泵房 | D23: 维修立式喷淋水泵阀芯 | E23: 参考原设备参数： 1.名称:XBD立式多级消防泵 2.型号:XBD7.8/20-100DLLX1 3.电动机功率:30kW 4.流量:108m3/h 5.扬程:80m | F23: 台 | G23: 2 | I23: =G23*H23 -> 0 | J23: 泵体漏水
C24: 水泵房 | D24: 更换自动模块 | F24: 台 | G24: 1 | I24: =G24*H24 -> 0 | J24: 控制箱自动故障
C25: 水泵房 | D25: 更换水泵及电动机 | E25: 参考原设备参数： 1.名称:25LG立式多级泵 2.型号:25LG2-12X6 3.电动机功率:1.5kw 4.流量:72m3/h | F25: 台 | G25: 1 | I25: =G25*H25 -> 0 | J25: 稳压泵及电动机故障损坏
C26: 小计 | I26: =SUM(I23:I25) -> 0
A27: 6 | B27: 竹料商场 | C27: 水泵房 | D27: 更换道管、刷涂油漆 | E27: DN80*3 | F27: m | G27: 4 | I27: =H27*G27 -> 0 | J27: 消火栓管道腐蚀严重，管道漏水无法加压，需维修管道
C28: 水泵房 | D28: 更换水泵及电动机 | E28: 原参考设备参数： 1.名称:25LG立式多级泵 2.型号:25LG2-12X6 3.电动机功率:1.5kw 4.流量:72m3/h | F28: 台 | G28: 1 | I28: =H28*G28 -> 0 | J28: 水泵组故障
C29: 小计 | I29: =SUM(I27:I28) -> 0
A30: 7 | B30: 人和旧办公室 | C30: 水泵房 | D30: 更换水泵及电动机 | E30: 参考原设备参数： 1.名称:XBD立式单级消防泵 2.型号:ISG100-200 3.电动机功率:22kw 4.流量:100m3/h 5.扬程:50m | F30: 台 | G30: 4 | I30: =H30*G30 -> 0 | J30: 消火栓水泵损坏
C31: 水泵房 | D31: 更换稳压泵 | E31: 参考原设备参数： 1.名称:25LG立式多级泵 2.型号:25LG2-12X6 3.电动机功率:1.5kW 4.流量:72m3/h | F31: 台 | G31: 2 | I31: =H31*G31 -> 0 | J31: 喷淋稳压泵以及消火栓稳压泵因阀芯磨损不能正常供水补压
C32: 一楼商铺 | D32: 将一楼烟感线路接驳二楼主机 | F32: 项 | G32: 1 | I32: =H32*G32 -> 0 | J32: 一楼商铺报警系统线路已全部损坏需要重新更换
C33: 小计 | I33: =SUM(I30:I32) -> 0
A34: 8 | B34: 爱国东路 | C34: 水泵房 | D34: 更换水泵及电动机 | E34: 参考原设备参数： 1.名称:XBD立式单级消防泵 2.型号:GD80-40 3.电动机功率:7.5kw 4.流量:42m3/h 5.扬程:40m | F34: 台 | G34: 1 | I34: =H34*G34 -> 0 | J34: 备用水泵密封箱和轴芯漏水，损坏严重，无法维修
C35: 小计 | I35: =SUM(I34:I34) -> 0
A36: 9 | B36: 太和生产资料店 | C36: 一、二、三楼 | D36: 广播线路排查 | F36: 项 | G36: 1 | J36: 线路故障
C37: 水泵房 | D37: 更换远程自动启动模块 | F37: 个 | G37: 1 | I37: =G37*H37 -> 0 | J37: 控制箱远程自动启动模块故障
C38: 水泵房 | D38: 二楼线路排查及修复 | F38: 项 | G38: 1 | J38: 防火卷帘控制线路查线
C39: 一楼风机控制箱 | D39: 防火卷帘模块 | E39: 原设备品牌参数：北大青鸟 | F39: 个 | G39: 2
C40: 水泵房 | D40: 一楼强排风机线路排查 | F40: 项 | G40: 1 | I40: =G40*H40 -> 0 | J40: 风机、控制线路查线
C41: 控制箱 | D41: 强排风机更换模块 | E41: 原设备品牌参数：北大青鸟 | F41: 个 | G41: 2
C42: 小计 | I42: =SUM(I36:I41) -> 0
A43: 10 | B43: 竹料茶楼 | C43: 消防控制室 | D43: 更换电池 | E43: 参考原设备品牌：北大青鸟 | F43: 组 | G43: 2 | I43: =G43*H43 -> 0 | J43: 报警主机备电故障
C44: 小计 | I44: =SUM(I43:I43) -> 0
A45: 11 | B45: 石井沙贝（茶楼药批中心店） | C45: 水泵房 | D45: 更换止回阀 | E45: DN100 | F45: 个 | G45: 2 | I45: =H45*G45 -> 0 | J45: 水泵无法抽水，水池底阀漏水
C46: 水泵房 | D46: 更换底阀 | E46: DN100 | F46: 个 | G46: 2 | I46: =H46*G46 -> 0 | J46: 底阀法兰生锈漏水
C47: 水池内 | D47: 抽干水池，池内作业 | F47: 项 | G47: 1 | I47: =H47*G47 -> 0 | J47: 池内作业
C48: 水泵房 | D48: 安装水表 | E48: DN65 | F48: 个 | G48: 1 | I48: =H48*G48 -> 0 | J48: 新增水表
C49: 水泵房 | D49: 开挖、回填、混凝土地面修补 | F49: m | G49: 5 | I49: =H49*G49 -> 0 | J49: 更换泵房管道要开挖、回填地面
C50: 水泵房 | D50: 更换道管、刷涂油漆 | E50: DN65 | F50: m | G50: 5 | I50: =H50*G50 -> 0 | J50: 原进水管没水，需改接到其他进水管
C51: 小计 | I51: =SUM(I45:I50) -> 0
A52: 12 | B52: 凯盈汇 | C52: 水泵房 | D52: 维修、调试 | E52: 参考原设备参数： 1.名称:卧式消防泵 2.型号:3.8/20-100DLLX1 3.电动机功率:22kw 4.流量:72m3/h 5.扬程:80m | F52: 台 | G52: 2 | I52: =G52*H52 -> 0 | J52: 卧式水泵震动故障
C53: 水泵房 | D53: 维修、调试 | E53: 参考原设备参数： 1.名称:卧式消防泵 2.型号:3.8/20-100DLLX1 3.电动机功率:22kw 4.流量:72m3/h 5.扬程:80m | F53: 台 | G53: 2 | I53: =G53*H53 -> 0 | J53: 卧式水泵震动故障
C54: 小计 | I54: =SUM(I52:I53) -> 0
A55: 13 | B55: 江高综合楼 | C55: 水泵房 | D55: 更换水泵及电动机 | E55: 参考原设备参数： 1.名称:XBD立式单级消防泵 2.电动机功率:1.5kw 3.流量:2m3/h 4.扬程:7m | F55: 台 | G55: 1 | I55: =G55*H55 -> 0 | J55: 喷淋稳压水泵损坏
C56: 水泵房 | D56: 更换水泵及电动机 | E56: 参考原设备参数： 1.名称:XBD立式单级消防泵 2.电动机功率:18.5kw 3.流量:93m3/h 4.扬程:44m | F56: 台 | G56: 2 | I56: =G56*H56 -> 0 | J56: 喷淋立式水泵损坏
C57: 消火栓水泵房 | D57: 更换立式水泵及电动机 | E57: 参考原设备参数： 1.名称:XBD立式单级消防泵 2.电动机功率:11kw 3.流量:42m3/h 4.扬程:50m | F57: 台 | G57: 2 | I57: =G57*H57 -> 0 | J57: 消火栓卧式水泵漏水、生锈
D58: 更换配件 | E58: 更换DN100止回阀、闸阀、减震器 | F58: 套 | G58: 2 | J58: 原有为卧式水泵结构
C59: 水泵房 | D59: 切割焊接加法兰片 | E59: DN100法兰片4片、DN100弯头1个 | F59: 项 | G59: 1 | I59: =G59*H59 -> 0 | J59: 管道锈蚀、漏水
C60: 水泵房 | D60: 更换道管、刷涂油漆 | E60: DN100*3 | F60: m | G60: 4 | I60: =G60*H60 -> 0 | J60: 管道锈蚀、漏水
C61: 水泵房 | D61: 更换新柜式主机带消防广播，将新主机安装到监控值班室、将原有线路改接到新监控值班室 | E61: 参考原设备参数：北大青年JB-TB-JBF-11S | F61: 套 | G61: 1 | I61: =G61*H61 -> 0 | J61: 消防主机设备移位更换
C62: 小计 | I62: =SUM(I59:I61) -> 0
A63: 14 | B63: 新和平台 | C63: 水泵房 | D63: 增加自动启停功能 | E63: 加装电压力表，控制线 | F63: 套 | G63: 2 | I63: =G63*H63 -> 0
C64: 水泵房 | D64: 控制箱调试 | F64: 项 | G64: 1 | I64: =G64*H64 -> 0
C65: 水泵房 | D65: 管道钻孔、修补 | E65: 孔洞直径：φ32 | F65: 个 | G65: 2 | I65: =G65*H65 -> 0
C66: 小计 | I66: =SUM(I63:I65) -> 0
A67: 15 | B67: 更换后的旧设备以料抵工 | C67: 废旧水泵 | D67: 回收、处置 | E67: 以料抵工 | F67: 项 | G67: -1 | H67: 0 | I67: =G67*H67 -> 0 | J67: 更换后的旧设备按相应的残值折算费成用，由维修单位负责设备处置，费用从报价中抵除
C68: 小计 | I68: =SUM(I67:I67) -> 0
A69: 合计 | I69: =I9+I11+I16+I22+I26+I29+I33+I35+I42+I44+I51+I54+I62 -> 0
A70: 说明： 1.以上报价均含人工费、材料费、机械费、利润、管理费及相应的风险； 2.以上报价应包括为按现场设备实际情况及规范要求完成该清单项目所需要的其他附属工作内容所涉及的一切费用。 3.涉及更换水泵组设备，建议参考使用市场常见品牌，新设备参数参考原旧设备，由报价人自行考虑并保证新设备与旧管道的匹配度。

Sheet 投标报价汇总表（维保）
A1: 工程量清单报价汇总表
A2: 项目名称：2022年物业消防设施设备维护保养项目
A3: 序号 | B3: 项目名称 | C3: 计量单位 | D3: 工程数量 | E3: 单价(元) | F3: 合价(元) | G3: 备注
A4: 1 | B4: ='清单与计价表（维保）'!B4 -> 青龙坊 | C4: 项 | D4: 1 | E4: ='清单与计价表（维保）'!J4 -> 0 | F4: =E4*D4 -> 0
A5: 2 | B5: ='清单与计价表（维保）'!B9 -> 石井沙贝茶楼药批中心店 | C5: 项 | D5: 1 | E5: ='清单与计价表（维保）'!J9 -> 0 | F5: =E5*D5 -> 0
A6: 3 | B6: ='清单与计价表（维保）'!B11 -> 石井沙贝副食店药店百货店 | C6: 项 | D6: 1 | E6: ='清单与计价表（维保）'!J11 -> 0 | F6: =E6*D6 -> 0
A7: 4 | B7: ='清单与计价表（维保）'!B13 -> 龙归大院 | C7: 项 | D7: 1 | E7: ='清单与计价表（维保）'!J13 -> 0 | F7: =E7*D7 -> 0
A8: 5 | B8: ='清单与计价表（维保）'!B15 -> 爱国东路80号之一（现社区大楼） | C8: 项 | D8: 1 | E8: ='清单与计价表（维保）'!J15 -> 0 | F8: =E8*D8 -> 0
A9: 6 | B9: ='清单与计价表（维保）'!B18 -> 嘉禾丰兴商业广场 | C9: 项 | D9: 1 | E9: ='清单与计价表（维保）'!J18 -> 0 | F9: =E9*D9 -> 0
A10: 7 | B10: ='清单与计价表（维保）'!B25 -> 新和厂房 | C10: 项 | D10: 1 | E10: ='清单与计价表（维保）'!J25 -> 0 | F10: =E10*D10 -> 0
A11: 8 | B11: ='清单与计价表（维保）'!B28 -> 人和旧办公室 | C11: 项 | D11: 1 | E11: ='清单与计价表（维保）'!J28 -> 0 | F11: =E11*D11 -> 0
A12: 9 | B12: ='清单与计价表（维保）'!B35 -> 太和社办公室 | C12: 项 | D12: 1 | E12: ='清单与计价表（维保）'!J35 -> 0 | F12: =E12*D12 -> 0
A13: 10 | B13: ='清单与计价表（维保）'!B37 -> 太和购物中心 | C13: 项 | D13: 1 | E13: ='清单与计价表（维保）'!J38 -> 0 | F13: =E13*D13 -> 0
A14: 11 | B14: ='清单与计价表（维保）'!B40 -> 竹料商业街 | C14: 项 | D14: 1 | E14: ='清单与计价表（维保）'!J40 -> 0 | F14: =E14*D14 -> 0
A15: 12 | B15: ='清单与计价表（维保）'!B42 -> 竹料商场 | C15: 项 | D15: 1 | E15: ='清单与计价表（维保）'!J43 -> 0 | F15: =E15*D15 -> 0
A16: 13 | B16: ='清单与计价表（维保）'!B47 -> 红卫场 | C16: 项 | D16: 1 | E16: ='清单与计价表（维保）'!J47 -> 0 | F16: =E16*D16 -> 0
A17: 14 | B17: ='清单与计价表（维保）'!B49 -> 竹料茶楼 | C17: 项 | D17: 1 | E17: ='清单与计价表（维保）'!J49 -> 0 | F17: =E17*D17 -> 0
A18: 15 | B18: ='清单与计价表（维保）'!B56 -> 马务联和楼 | C18: 项 | D18: 1 | E18: ='清单与计价表（维保）'!J56 -> 0 | F18: =E18*D18 -> 0
A19: 16 | B19: ='清单与计价表（维保）'!B58 -> 钟落潭购物中心 | C19: 项 | D19: 1 | E19: ='清单与计价表（维保）'!J58 -> 0 | F19: =E19*D19 -> 0
A20: 17 | B20: ='清单与计价表（维保）'!B65 -> 江村综合商场 | C20: 项 | D20: 1 | E20: ='清单与计价表（维保）'!J66 -> 0 | F20: =E20*D20 -> 0
A21: 18 | B21: ='清单与计价表（维保）'!B71 -> 石井槎头商铺 | C21: 项 | D21: 1 | E21: ='清单与计价表（维保）'!J71 -> 0 | F21: =E21*D21 -> 0
A22: 19 | B22: ='清单与计价表（维保）'!B78 -> 太和生产资料 | C22: 项 | D22: 1 | E22: ='清单与计价表（维保）'!J78 -> 0 | F22: =E22*D22 -> 0
A23: 20 | B23: ='清单与计价表（维保）'!B85 -> 竹料中和厂房 | C23: 项 | D23: 1 | E23: ='清单与计价表（维保）'!J85 -> 0 | F23: =E23*D23 -> 0
A24: 21 | B24: ='清单与计价表（维保）'!B87 -> 新市广场 | C24: 项 | D24: 1 | E24: ='清单与计价表（维保）'!J87 -> 0 | F24: =E24*D24 -> 0
A25: 22 | B25: ='清单与计价表（维保）'!B93 -> 天时大厦 | C25: 项 | D25: 1 | E25: ='清单与计价表（维保）'!J93 -> 0 | F25: =E25*D25 -> 0
A26: 23 | B26: ='清单与计价表（维保）'!B100 -> 凯盈汇（原和溢综合楼） | C26: 项 | D26: 1 | E26: ='清单与计价表（维保）'!J100 -> 0 | F26: =E26*D26 -> 0
A27: 24 | B27: ='清单与计价表（维保）'!B105 -> 海城酒家（原三元里百货店） | C27: 项 | D27: 1 | E27: ='清单与计价表（维保）'!J105 -> 0 | F27: =E27*D27 -> 0
A28: 25 | B28: ='清单与计价表（维保）'!B108 -> 神山综合楼 | C28: 项 | D28: 1 | E28: ='清单与计价表（维保）'!J108 -> 0 | F28: =E28*D28 -> 0
A29: 26 | B29: ='清单与计价表（维保）'!B112 -> 竹料华之轩 | C29: 项 | D29: 1 | E29: ='清单与计价表（维保）'!J112 -> 0 | F29: =E29*D29 -> 0
A30: A | B30: 小计 | F30: =SUM(F4:F29) -> 0
A31: B | B31: 税金（A）×6% | F31: =F30*6% -> 0
A32: C | B32: 含税合计（A+B） | F32: =F30+F31 -> 0

Sheet 清单与计价表（维保）
A1: 消防设备设施维护保养项目清单与计价表
A2: ='投标报价汇总表（维保）'!A2 -> 项目名称：2022年物业消防设施设备维护保养项目
A3: 序号 | B3: 项目名称 | C3: 项目地址 | D3: 系统名称 | E3: 主要设备 | F3: 主要设备参数 | G3: 单位 | H3: 数量 | I3: 建筑面积（m2） | J3: 预算金额 （元）
A4: 1 | B4: 青龙坊 | C4: 越秀区青龙坊3，5，9，15号及7号 | D4: 自动报警系统 | E4: 报警控制主机 | F4: 1.名称:火灾报警系统控制主机（联动型） 2.型号:JB-TG-JBF-11S 3.控制点数:200点内 4.包含水灭火、消防广播、烟感、警铃及声光报警等现场的全部系统 | G4: 台 | H4: 1 | I4: 2523.26
D5: 消火栓系统 | E5: 控制柜 | F5: 1.消火栓系统控制柜 | G5: 个 | H5: 1
E6: 喷淋水泵 | F6: 1.名称:XBD立式单级消防泵 2.型号:XBD3.7/24-ISG100-200B 3.电动机功率:15kW 4.流量:26L/s 5.扬程:37m | G6: 台 | H6: 1
E7: 消火栓水泵 | F7: 1.名称:XBD立式单级消防泵 2.型号:XBD3.7/24-ISG100-200B 3.电动机功率:15kW 4.流量:26L/s 5.扬程:37m | G7: 台 | H7: 1
E8: 消火栓稳压泵 | F8: 1.名称:XBD立式单级消防泵 2.型号:3/3.5-40-30 3.电动机功率:2.2kW 4.流量:11.4m3/h 5.扬程:30m | G8: 台 | H8: 1
A9: 2 | B9: 石井沙贝茶楼药批中心店 | C9: 白云区石井镇沙贝大街94、96、98号 | D9: 消火栓系统 | E9: 控制柜 | F9: 1.消火栓系统控制柜 | G9: 个 | H9: 1 | I9: 1439.23
E10: 消火栓水泵 | F10: 1.名称:XBD立式单级消防泵 2.型号:XBD1.7/5-GD50-17 3.电动机功率:7.5kW 4.流量:18m3/h 5.扬程:17m | G10: 台 | H10: 2
A11: 3 | B11: 石井沙贝副食店药店百货店 | C11: 白云区石井镇沙贝大街126、128、130号 | D11: 消火栓系统 | E11: 控制柜 | F11: 1.消火栓系统控制柜 | G11: 个 | H11: 1 | I11: 1478.11
E12: 消火栓水泵 | F12: 1.名称:XBD立式单级消防泵 2.型号:XBD1.7/5-GD50-17 3.电动机功率:7.5kW 4.流量:18m3/h 5.扬程:17m | G12: 台 | H12: 2
A13: 4 | B13: 龙归大院 | C13: 龙归广花公路南282号 | D13: 消火栓系统 | E13: 控制柜 | F13: 1.消火栓系统控制柜 | G13: 个 | H13: 1 | I13: 3265.35
E14: 消火栓水泵 | F14: 1.名称:XBD立式单级消防泵 2.型号::80-50-200A 3.电动机功率:11kW 4.流量:46.8m3/s 5.扬程:44m | G14: 台 | H14: 2
A15: 5 | B15: 爱国东路80号之一（现社区大楼） | C15: 江高镇爱国东路80号之一 | D15: 消火栓系统 | E15: 控制柜 | F15: 1.消火栓系统控制柜 | G15: 个 | H15: 1 | I15: 1138.09
E16: 消火栓水泵 | F16: 1.名称:XBD立式单级消防泵 2.型号:GD80-40 3.电动机功率:7.5kW 4.流量:42m3/h 5.扬程:40m | G16: 台 | H16: 1
E17: 管道离心泵 | F17: 1.名称:管道离心泵 2.型号:GD100-50 3.电动机功50m3/h 5.扬程:50m | G17: 台 | H17: 1
A18: 6 | B18: 嘉禾丰兴商业广场 | C18: 广花路西侧加禾墟东街68号,4号,加禾东横街20号,12号 | D18: 自动报警系统 | E18: 报警控制主机 | F18: 1.名称:火灾报警系统控制主机（联动型） 2.型号:JB-TG-JBF-11SF 3.控制点数:300点内 4.包含水灭火、消防广播、烟感、警铃、排烟及声光报警等现场的全部系统 | G18: 台 | H18: 1 | I18: 11879.4
D19: 喷淋系统 | E19: 控制柜 | F19: 1.喷淋系统控制柜 | G19: 个 | H19: 1
E20: 喷淋水泵 | F20: 1.名称:XBD立式多级消防泵 2.型号:XBD7.8/20-100DLLX1 3.电动机功率:30kW 4.流量:108m3/h 5.扬程:80m | G20: 台 | H20: 2
E21: 喷淋稳压泵 | F21: 1.名称:25LG立式多级泵 2.型号:25LG2-12X6 3.电动机功率:1.5kW 4.流量:72m3/h | G21: 台 | H21: 1
D22: 消火栓系统 | E22: 控制柜 | F22: 1.消火栓系统控制柜 | G22: 个 | H22: 1
E23: 消火栓水泵 | F23: 1.名称:XBD立式多级消防泵 2.型号:XBD5.8/20-100DLLX1 3.电动机功率:22kW 4.流量:72m3/h 5.扬程:60m | G23: 台 | H23: 2
E24: 消火栓稳压泵 | F24: 1.名称:25LG立式多级泵 2.型号:25LG2-12X6 3.电动机功率:1.5kW 4.流量:72m3/h | G24: 台 | H24: 1
A25: 7 | B25: 新和厂房 | C25: 白云区钟落潭镇新和西街33号 | D25: 消火栓系统 | E25: 控制柜 | F25: 1.消火栓系统控制柜 | G25: 个 | H25: 1 | I25: 2420.8
E26: 消火栓水泵 | F26: 1.名称:XBD立式多级消防泵 2.型号:4/10-80-40 3.电动机功率:7.5kW 4.流量:42m3/h 5.扬程:40m | G26: 台 | H26: 2
E27: 消火栓稳压泵 | F27: 1.名称:XBD立式多级消防泵 2.型号:XDB3.5/2W-GDL 3.电动机功率:1.5kW 4.流量:2L/s | G27: 台 | H27: 2
A28: 8 | B28: 人和旧办公室 | C28: 人和镇人和墟大街22号 | D28: 自动报警系统 | E28: 报警控制主机 | F28: 1.名称:火灾报警系统控制主机（联动型） 2.型号:JB-TG-JBF-11S 3.控制点数:100点内 4.包含水灭火、消防广播、烟感、警铃、排烟及声光报警等现场的全部系统 | G28: 台 | H28: 1 | I28: 9360.94
D29: 喷淋系统 | E29: 控制柜 | F29: 1.喷淋系统控制柜 | G29: 个 | H29: 1
E30: 喷淋水泵 | F30: 1.名称:XBD立式单级消防泵 2.型号:ISG100-200 3.电动机功率:22kW 4.流量:100m3/h 5.扬程:50m | G30: 台 | H30: 2
E31: 喷淋稳压泵 | F31: 1.名称:25LG立式多级消防泵 2.型号:25LG4-11X 3.电动机功率:2.2kW 4.流量:4m3/h 5.扬程:55m | G31: 台 | H31: 1
D32: 消火栓系统 | E32: 控制柜 | F32: 1.消火栓系统控制柜 | G32: 个 | H32: 1
E33: 消火栓水泵 | F33: 1.名称:XBD立式单级消防泵 2.型号:ISG100-200 3.电动机功率:22kW 4.流量:100m3/h 5.扬程:50m | G33: 台 | H33: 2
E34: 消火栓稳压泵 | F34: 1.名称:25LG立式多级消防泵 2.型号:25LG4-11X 3.电动机功率:2.2kW 4.流量:4m3/h 5.扬程:55m | G34: 台 | H34: 1
A35: 9 | B35: 太和社办公室 | C35: 太和镇大来南路7、9、11、13、15号 | D35: 消火栓系统 | E35: 控制柜 | F35: 1.消火栓系统控制柜 | G35: 个 | H35: 1 | I35: 900.49
E36: 消火栓水泵 | F36: 1.名称:XBD立式单级消防泵 2.型号:XBD1.7/5-GD50-17 3.电动机功率:1.5kW 4.流量:18m3/h 5.扬程:17m | G36: 台 | H36: 1
A37: 10 | B37: 太和购物中心 | C37: 太和镇太和中路134号 | D37: 自动报警系统 | E37: 报警控制主机 | F37: 1.名称:火灾报警系统控制主机（联动型） 2.型号:JB-TG-JBF-11S 3.控制点数:100点内 4.包含水灭火、消防广播、烟感、警铃、排烟及声光报警等现场的全部系统 | G37: 台 | H37: 1 | I37: 1584.59
D38: 消火栓系统 | E38: 控制柜 | F38: 1.消火栓系统控制柜 | G38: 个 | H38: 1
E39: 消火栓水泵 | F39: 1.名称:XBD立式单级消防泵 2.型号:XBD1.7/5-GD50-17 3.电动机功率:1.5kW 4.流量:18m3/h 5.扬程:17m | G39: 台 | H39: 2
A40: 11 | B40: 竹料商业街 | C40: 白云区竹料镇竹料大街21、22号 | D40: 消火栓系统 | E40: 控制柜 | F40: 1.消火栓系统控制柜 | G40: 个 | H40: 1 | I40: 1562
E41: 消火栓水泵 | F41: 1.名称:GD管道消防泵 2.型号:GD8-40 3.电动机功率:7.5kW 4.流量:42m3/h 5.扬程:40m | G41: 台 | H41: 2
A42: 12 | B42: 竹料商场 | C42: 白云区竹料镇竹料大街74号 | D42: 自动报警系统 | E42: 报警控制主机 | F42: 1.名称:火灾报警系统控制主机（联动型） 2.型号:JB-TG-JBF-11S 3.控制点数:100点内 4.包含水灭火、消防广播、烟感、警铃及声光报警等现场的全部系统 | G42: 台 | H42: 1 | I42: 1077
D43: 喷淋系统 | E43: 控制柜 | F43: 1.喷淋系统控制柜 | G43: 个 | H43: 1
E44: 喷淋水泵 | F44: 1.名称:XBD立式单级消防泵 2.型号:XBD3.4/10GL 3.电动机功率:5.5kW 4.流量:42m3/h 5.扬程:30m | G44: 台 | H44: 1
D45: 消火栓系统 | E45: 控制柜 | F45: 1.消火栓系统控制柜 | G45: 个 | H45: 1
E46: 消火栓水泵 | F46: 1.名称:XBD立式单级消防泵 2.型号:XBD1.7/5-GD50-17 3.电动机功率:1.5kW 4.流量:18m3/h 5.扬程:17m | G46: 台 | H46: 1
A47: 13 | B47: 红卫场 | C47: 白云区鹤龙三路7号 | D47: 消火栓系统 | E47: 控制柜 | F47: 1.消火栓系统控制柜 | G47: 个 | H47: 1 | I47: 4011.61
E48: 消火栓水泵 | F48: 1.名称:XBD立式单级消防泵 2.型号:XDB4/12-6 3.电动机功率:7.5kW 4.流量:12L/s 5.扬程:40m | G48: 台 | H48: 2
A49: 14 | B49: 竹料茶楼 | C49: 白云区竹料镇竹料大街82号 | D49: 自动报警系统 | E49: 报警控制主机 | F49: 1.名称:火灾报警系统控制主机（联动型） 2.型号:JB-TG-JBF-11S 3.控制点数:100点内 4.包含水灭火、消防广播、烟感、警铃及声光报警等现场的全部系统 | G49: 台 | H49: 1 | I49: 6479.2
D50: 喷淋系统 | E50: 控制柜 | F50: 1.喷淋系统控制柜 | G50: 个 | H50: 1
E51: 喷淋水泵 | F51: 1.名称:XBD立式多级消防泵 2.型号:XDB8.0/20G-11 3.电动机功率:30kW 4.流量:20L/s 5.扬程:50m | G51: 台 | H51: 2
E52: 喷淋稳压泵 | F52: 1.名称:XBD立式单级消防泵 2.型号:XDB11.7/30-IS6 3.电动机功率:4kW 4.流量:2L/s | G52: 台 | H52: 1
D53: 消火栓系统 | E53: 控制柜 | F53: 1.消火栓系统控制柜 | G53: 个 | H53: 1
E54: 消火栓水泵 | F54: 1.名称:XBD立式单级消防泵 2.型号:XDB11.7/30-ISG 3.电动机功率:22kW 4.流量:30L/s 5.扬程:50m | G54: 台 | H54: 2
E55: 消火栓稳压泵 | F55: 1.名称:XBD立式单级消防泵 2.型号:XDB11.7/30-IS6 3.电动机功率:4kW 4.流量:2L/s | G55: 台 | H55: 1
A56: 15 | B56: 马务联和楼 | C56: 马务村联和大街6-8号 | D56: 消火栓系统 | E56: 控制柜 | F56: 1.消火栓系统控制柜 | G56: 个 | H56: 1 | I56: 1375.6
E57: 消火栓水泵 | F57: 1.名称:XBD立式单级消防泵 2.型号:40/10-80-40 3.电动机功率:2.5kW 4.流量:42m3/h 5.扬程:40m | G57: 台 | H57: 2
A58: 16 | B58: 钟落潭购物中心 | C58: 白云区钟落潭镇福龙路65号 | D58: 自动报警系统 | E58: 报警控制主机 | F58: 1.名称:火灾报警系统控制主机（联动型） 2.型号:JB-TG-JBF-11S 3.控制点数:200点内 4.包含水灭火、消防广播、烟感、警铃、排烟及声光报警等现场的全部系统 | G58: 台 | H58: 1 | I58: 6171
D59: 喷淋系统 | E59: 控制柜 | F59: 1.喷淋系统控制柜 | G59: 个 | H59: 1
E60: 喷淋水泵 | F60: 1.名称:XBD立式单级消防泵 2.型号:5/15-100-50 3.电动机功率:15kW 4.流量:50m3/h 5.扬程:50m | G60: 台 | H60: 2
E61: 喷淋稳压泵 | F61: 1.名称:XBD立式单级消防泵 2.型号:DB25C-41 3.电动机功率:1.5kW 4.流量:1.1L/s | G61: 台 | H61: 1
D62: 消火栓系统 | E62: 控制柜 | F62: 1.消火栓系统控制柜 | G62: 个 | H62: 1
E63: 消火栓水泵 | F63: 1.名称:XBD立式单级消防泵 2.型号:4.5/2.5-400-80 3.电动机功率：18.5kW 4.流量：43m3/h 5.扬程:44m | G63: 台 | H63: 2
E64: 消火栓稳压泵 | F64: 1.名称:XBD立式单级消防泵 2.型号:DB25C-41 3.电动机功率:1.5kW 4.流量:1.1L/s | G64: 台 | H64: 1
A65: 17 | B65: 江村综合商场 | C65: 江高镇江同路149号 | D65: 自动报警系统 | E65: 报警控制主机 | F65: 1.名称:火灾报警系统控制主机（联动型） 2.型号:JB-TG-JBF-11SF 3.控制点数:300点内 4.包含水灭火、消防广播、烟感、警铃及声光报警等现场的全部系统 | G65: 台 | H65: 1 | I65: 4999.36
D66: 喷淋系统 | E66: 控制柜 | F66: 1.喷淋系统控制柜 | G66: 个 | H66: 1
E67: 喷淋水泵 | F67: 1.名称:XBD立式单级消防泵 2.型号:4.2/25-100-200A 3.电动机功率:18.5kW 4.流量:93.5m3/s 5.扬程:44m | G67: 台 | H67: 2
E68: 喷淋稳压泵 | F68: 1.名称:XBD立式单级管道泵 2.型号:7/0.5-25GDL2-12X3 3.电动机功率:1.5kW 4.流量:2m3/h | G68: 台 | H68: 1
D69: 消火栓系统 | E69: 控制柜 | F69: 1.消火栓系统控制柜 | G69: 个 | H69: 1
E70: 消火栓水泵 | F70: 1.名称:IS型单级消防泵 2.型号:80-50-200A 3.电动机功率:11kW 4.流量:46.8m3/s 5.扬程:44m | G70: 台 | H70: 2
A71: 18 | B71: 石井槎头商铺 | C71: 白云区石井镇西槎路槎头大街753-763号 | D71: 自动报警系统 | E71: 报警控制主机 | F71: 1.名称:火灾报警系统控制主机（联动型） 2.型号:JB-TG-JBF-11S 3.控制点数:100点内 4.包含水灭火、消防广播、烟感、警铃及声光报警等现场的全部系统 | G71: 台 | H71: 1 | I71: 6117.67
D72: 喷淋系统 | E72: 控制柜 | F72: 1.喷淋系统控制柜 | G72: 个 | H72: 1
E73: 喷淋水泵 | F73: 1.名称:XBD立式单级消防泵 2.型号:5/15-100-50 3.电动机功率:15kW 4.流量:50m3/h 5.扬程:50m | G73: 台 | H73: 2
E74: 喷淋稳压泵 | F74: 1.名称:XBD立式单级管道泵 2.型号:DB25C-41 3.电动机功率:4kW 4.流量:2m3/h | G74: 台 | H74: 1
D75: 消火栓系统 | E75: 控制柜 | F75: 1.消火栓系统控制柜 | G75: 个 | H75: 1
E76: 消火栓水泵 | F76: 1.名称:XBD立式单级消防泵 2.型号:5.0/10G-80-50 3.电动机功率:11kW 4.流量:42m3/h 5.扬程:50m | G76: 台 | H76: 2
E77: 消火栓稳压泵 | F77: 1.名称:XBD立式单级管道泵 2.型号:DB25C-41 3.电动机功率:4kW 4.流量:2m3/h | G77: 台 | H77: 1
A78: 19 | B78: 太和生产资料 | C78: 白云区太和镇朝亮中路18、20、22、24、26号 | D78: 自动报警系统 | E78: 报警控制主机 | F78: 1.名称:火灾报警系统控制主机（联动型） 2.型号:JB-TG-JBF-11S 3.控制点数:100点内 4.包含水灭火、消防广播、烟感、警铃及声光报警等现场的全部系统 | G78: 台 | H78: 1 | I78: 6547
D79: 喷淋系统 | E79: 控制柜 | F79: 1.喷淋系统控制柜 | G79: 个 | H79: 1
E80: 喷淋水泵 | F80: 1.名称:XBD立式多级消防泵 2.型号:XBD7.8/20-100DLLX2 3.电动机功率:30kW 4.流量:72m3/h 5.扬程:80m | G80: 台 | H80: 2
E81: 喷淋稳压泵 | F81: 1.名称:XBD立式单级消防泵 2.型号:25L4-1X6 3.电动机功率:1.5kW 4.流量:4m3/h | G81: 台 | H81: 1
D82: 消火栓系统 | E82: 控制柜 | F82: 1.消火栓系统控制柜 | G82: 个 | H82: 1
E83: 消火栓水泵 | F83: 1.名称:XBD立式多级消防泵 2.型号:XBD5.8/20-100DLLX21 3.电动机功率:22kW 4.流量:72m3/h 5.扬程:60m | G83: 台 | H83: 2
E84: 消火栓稳压泵 | F84: 1.名称:XBD立式单级消防泵 2.型号:25L4-1X6 3.电动机功率:1.5kW 4.流量:4m3/h | G84: 台 | H84: 1
A85: 20 | B85: 竹料中和厂房 | C85: 竹料镇中和路318,322,324号 | D85: 消火栓系统 | E85: 控制柜 | F85: 1.消火栓系统控制柜 | G85: 个 | H85: 1 | I85: 3956.03
E86: 消火栓水泵 | F86: 1.名称:XBD立式单级消防泵 2.型号:5*7-650-KYL 3.电动机功率:7.5kW 4.流量:7L/s | G86: 台 | H86: 2
A87: 21 | B87: 新市广场 | C87: 白云区机场路1109至1111号 | D87: 自动报警系统 | E87: 报警控制主机 | F87: 1.名称:火灾报警系统控制主机（联动型） 2.型号:JB-TG-JBF-11S 3.控制点数:300点内 4.包含水灭火、消防广播、烟感、警铃及声光报警等现场的全部系统 | G87: 台 | H87: 1 | I87: 21350.3
D88: 喷淋系统 | E88: 控制柜 | F88: 1.喷淋系统控制柜 | G88: 个 | H88: 1
E89: 喷淋水泵 | F89: 1.名称:XBD立式多级消防泵 2.型号:XBD7.8/20-100DLLX1 3.电动机功率:30kW 4.流量:108m3/h 5.扬程:80m | G89: 台 | H89: 2
E90: 喷淋稳压泵 | F90: 1.名称:XBD立式单级管道泵 2.型号:7/0.5-25GDL2-12X3 3.电动机功率:7.5kW 4.流量:2m3/h | G90: 台 | H90: 1
D91: 消火栓系统 | E91: 控制柜 | F91: 1.消火栓系统控制柜 | G91: 个 | H91: 1
E92: 消火栓水泵 | F92: 1.名称:XBD立式多级消防泵 2.型号:XBD7.8/20-100DLLX1 3.电动机功率:30kW 4.流量:108m3/h 5.扬程:80m | G92: 台 | H92: 2
A93: 22 | B93: 天时大厦 | C93: 白云区人和镇鹤龙六路42、44、46号 | D93: 自动报警系统 | E93: 报警控制主机 | F93: 1.名称:火灾报警系统控制主机（联动型） 2.型号:JB-TG-JBF-11S 3.控制点数:200点内 4.包含水灭火、消防广播、烟感、警铃及声光报警等现场的全部系统 | G93: 台 | H93: 1 | I93: 10508
D94: 喷淋系统 | E94: 控制柜 | F94: 1.喷淋系统控制柜 | G94: 个 | H94: 1
E95: 喷淋水泵 | F95: 1.名称:XBD立式单级消防泵 2.型号:3.8/20-100DLLX1 3.电动机功率:22kW 4.流量:72m3/h 5.扬程:80m | G95: 台 | H95: 2
E96: 喷淋稳压泵 | F96: 1.名称:XBD立式单级管道泵 2.型号:7/0.5-25GDL2-12X3 3.电动机功率:1.5kW 4.流量:2m3/h | G96: 台 | H96: 1
D97: 消火栓系统 | E97: 控制柜 | F97: 1.消火栓系统控制柜 | G97: 个 | H97: 1
E98: 消火栓水泵 | F98: 1.名称:XBD立式单级消防泵 2.型号:3.8/20-100DLLX1 3.电动机功率:22kW 4.流量:72m3/h 5.扬程:80m | G98: 台 | H98: 2
E99: 消火栓稳压泵 | F99: 1.名称:XBD立式单级管道泵 2.型号:7/0.5-25GDL2-12X3 3.电动机功率:1.5kW 4.流量:2m3/h | G99: 台 | H99: 1
A100: 23 | B100: 凯盈汇（原和溢综合楼） | C100: 广州市白云区人和镇鹤龙六路50、52、54号 | D100: 自动报警系统 | E100: 报警控制主机 | F100: 1.名称:火灾报警系统控制主机（联动型） 2.型号:JB-TG-JBF-11S 3.控制点数:200点内 4.包含水灭火、消防广播、烟感、警铃及声光报警等现场的全部系统 | G100: 台 | H100: 1 | I100: =4971.91+2473.1 -> 7445.01
...
